 Dungeon Crawl Stone Soup version 0.28.0-45-g0d030f2227 (webtiles) character file.

Game seed: 8053033568627630372

15 CryoSword the Digger (level 2, -3/16 HPs)
             Began as a Gargoyle Earth Elementalist on Apr 14, 2022.
             Slain by a gnoll
             ... wielding a +0 flail
              (12 damage)
             ... on level 1 of the Dungeon.
             The game lasted 00:01:11 (678 turns).

CryoSword the Digger (Gargoyle Earth Elementalist)   Turns: 678, Time: 00:01:11

Health: -3/16      AC:  4    Str: 11    XL:     2   Next: 50%
Magic:  4/5        EV: 12    Int: 15    God:
Gold:   22         SH:  0    Dex: 10    Spells: 4/5 levels left

rFire   . . .      SeeInvis .   d - +0 flail
rCold   . . .      Faith    .   (no shield)
rNeg    + . .      Spirit   .   b - +0 robe
rPois   ∞          Reflect  .   (no helmet)
rElec   +          Harm     .   (no cloak)
rCorr   .          Rampage  .   (no gloves)
Will    .....                   (no boots)
Stlth   ++........              (no amulet)
HPRegen 0.05/turn               (no ring)
MPRegen 0.09/turn               (no ring)

@: no status effects
A: sickness immunity, AC +2, negative energy resistance 1, electricity
resistance, torment resistance 1, petrification resistance
a: no special abilities


You were on level 1 of the Dungeon.
You visited 1 branch of the dungeon, and saw 2 of its levels.

You collected 22 gold pieces.

Inventory:

Hand Weapons
 d - a +0 flail (weapon)
   (You found it on level 1 of the Dungeon)
Missiles
 a - 2 poisoned darts
 c - 18 stones
Armour
 b - a +0 robe (worn)


   Skills:
 + Level 0.5 Fighting
 + Level 0.3 Maces & Flails
 + Level 1.7 Dodging
 + Level 2.4 Stealth
 - Level 2.0 Spellcasting
 * Level 1.0 Conjurations
 - Level 0.7 Transmutations
 * Level 3.9 Earth Magic


You had 4 spell levels left.
You knew the following spells:

 Your Spells              Type           Power      Damage    Failure   Level
a - Sandblast             Erth           26%        2d8       4%          1

Your spell library contained the following spells:

 Spells                   Type           Power      Damage    Failure   Level
 Passwall                 Tmut/Erth      6%         N/A       13%         2
 Stone Arrow              Conj/Erth      16%        3d8       24%         3
 Petrify                  Tmut/Erth      8%         N/A       65%         4


Dungeon Overview and Level Annotations

Branches:
Dungeon (2/15)

Altars:


Innate Abilities, Weirdness & Mutations

You are immune to sickness and miasma.
Your stone body is resilient. (AC +2)
You are immune to poison.
You resist negative energy. (rN+)
You are resistant to electric shocks. (rElec)
You are resistant to unholy torment.
You are immune to petrification.


Message History

There are monsters nearby!
There are monsters nearby!
The helpless goblin fails to defend itself.
You hit the goblin. The goblin hits you with a +0 dagger.
You closely miss the goblin. You punch the goblin.
You kill the goblin!
The kobold shouts!
Found 7 gold pieces.
You see here a +0 dagger.
A rat comes into view.
The kobold hits you with a +1 short sword of protection.
Ouch! That really hurt!
* * * LOW HITPOINT WARNING * * *
Aim: a kobold, wielding a +1 short sword of protection (74% to hit)
The blast of sand hits the kobold but does no damage.
The kobold barely misses you.
Aim: a kobold, wielding a +1 short sword of protection (74% to hit)
The blast of sand hits the kobold but does no damage.
The kobold hits you with a +1 short sword of protection.
* * * LOW HITPOINT WARNING * * *
Aim: a kobold, wielding a +1 short sword of protection (74% to hit)
The blast of sand hits the kobold but does no damage.
A ball python comes into view.
The kobold barely misses you.
You see here a +0 dagger.
There is an open door here.
There is an open door here.
Aim: a kobold, wielding a +1 short sword of protection (74% to hit)
The blast of sand hits the kobold!
You kill the kobold!
The rat bites you but does no damage.
You see here a +1 short sword of protection.
You hit the rat.
You kill the rat!
You see here a rat corpse.
You see here a rat corpse.
You see here a +1 short sword of protection.
You start resting.
You start resting.
A ball python is nearby!
You are too injured to fight recklessly!
You are too injured to fight recklessly!
The ball python hisses angrily.
Aim: a ball python (77% to hit)
The blast of sand hits the ball python!
You kill the ball python!
Could not explore, unopened door.
Could not explore, unopened door.
Could not explore, unopened door.
You open the door.
There is an open door here.
A frilled lizard comes into view.
A frilled lizard is nearby!
A frilled lizard is nearby!
A hobgoblin comes into view.
Found a stone staircase leading down.
The hobgoblin shouts!
An endoplasm comes into view.
The frilled lizard hisses angrily.
You sock the frilled lizard!
You kill the frilled lizard!
You hit the hobgoblin but do no damage. The hobgoblin barely misses you.
The endoplasm freezes you.
You are frozen.
Ouch! That really hurt!
* * * LOW HITPOINT WARNING * * *
The hobgoblin closely misses you.
There is an open door here.
Aim: an endoplasm (98% to hit)
The blast of sand hits the endoplasm!
You kill the endoplasm!
You have reached level 2!
Aim: a hobgoblin (79% to hit)
The blast of sand hits the hobgoblin.
You kill the hobgoblin!
A sourceless malevolence fills the Dungeon...
You fall into a shaft and drop 1 floor!
The shaft crumbles and collapses.
Unknown command.
A dart slug comes into view.
You see here a wand of mindburst (8).
A dart slug is nearby!
A dart slug is nearby!
Aim: a dart slug (wandering, hasn't noticed you, 100% to hit)
The blast of sand hits the dart slug!
You kill the dart slug!
You see here a dart slug corpse.
Found a stone staircase leading up.
There is a stone staircase leading up here.
A worm comes into view.
A worm is nearby!
A worm is nearby!
There is a stone staircase leading up here.
You climb upwards.
There is a stone staircase leading down here.
You now have 22 gold pieces (gained 7).
A goblin comes into view. It is wielding a +0 dagger.
A goblin is nearby!
A goblin is nearby!
A goblin is nearby!
A goblin comes into view. It is wielding a +0 dagger.
Okay, then.
A kobold comes into view. It is wielding a +0 short sword.
Aim: a goblin, wielding a +0 dagger (asleep, 100% to hit)
You miscast Sandblast.
You are very lightly contaminated with residual magic.
Nothing appears to happen.
Aim: a goblin, wielding a +0 dagger (74% to hit)
The blast of sand hits the goblin!
You kill the goblin!
You hit the goblin. The goblin hits you with a +0 dagger.
The goblin barely misses you.
You sock the goblin!
You kill the goblin!
The kobold hits you with a +0 short sword. x2
You are too injured to fight recklessly!
You are too injured to fight recklessly!
Aim: a kobold, wielding a +0 short sword (74% to hit)
The blast of sand hits the kobold.
You kill the kobold!
Your magical contamination has completely faded away.
Your Conjurations skill increases to level 1!
A gnoll comes into view. It is wielding a +0 flail.
The gnoll shouts!
You hear a shout!
Things that are here:
a +0 dagger; a goblin corpse A gnoll is nearby!
A gnoll is nearby!
A gnoll is nearby!
A gnoll is nearby!
Found a stone staircase leading down.
A bat comes into view.
The gnoll closely misses you.
You barely miss the gnoll. The gnoll closely misses you.
A kobold comes into view. It is wielding a +0 dagger.
You closely miss the gnoll. The gnoll hits you with a +0 flail!
The gnoll hits you but does no damage.
You are too injured to fight recklessly!
You are too injured to fight recklessly!
You are too injured to fight recklessly!
You are too injured to fight recklessly!
You are too injured to fight recklessly!
You are too injured to fight recklessly!
You are too injured to fight recklessly!
You are too injured to fight recklessly!
You are too injured to fight recklessly!
Aim: a gnoll, wielding a +0 flail (82% to hit)
The blast of sand hits the gnoll.
The gnoll hits you with a +0 flail!
Ouch! That really hurt!
You die...

###.#.#.#....
........#.#.##########.#
.#..#.....#.#.........b#
.....................>#
.#...........).........
.#..#.....#..)........#
.#...........).....##.#
.#...#................#
.#...#.#........@..##.#
.#...#.#.........g#.#
.#...#.#............#
#...#.#...######K#.#
##.).#.#.#.. ...#
...###.#.#.## .###
###r...#.... .. .†'....#
.# ###...##


You could see a gnoll, a bat (asleep) and a kobold.

Vanquished Creatures
  A dart slug (D:2)
  An endoplasm (D:1)
  A giant cockroach (D:1)
  3 goblins (D:1)
  A hobgoblin (D:1)
  A ball python (D:1)
  A frilled lizard (D:1)
  2 kobolds (D:1)
  2 rats (D:1)
13 creatures vanquished.

Notes
Turn   | Place    | Note
-------+----------+-------------------------------------------
     0 | D:1      | CryoSword the Gargoyle Earth Elementalist began the quest
                  | for the Orb.
     0 | D:1      | Reached XP level 1. HP: 10/10 MP: 3/3
   362 | D:1      | Reached XP level 2. HP: 8/15 MP: 3/5
   499 | D:1      | You fall into a shaft and drop 1 floor!
   583 | D:1      | Reached skill level 1 in Conjurations
   678 | D:1      | Slain by a gnoll

Illustrated notes

Levels and vault maps discovered:
D:1:      grunt_arrival_crossed_arrows, layout_basic,
          shapermc_ecumenical_altar_venn
D:2:      layout_loops_cross, minivault_11, corexii_hall_statues_i

Skill      XL: |  1  2 |
---------------+-------+-----
Conjurations   | 1 |  1.0
Fighting       | |  0.5
Maces & Flails | |  0.3
Dodging        | |  1.7
Stealth        | |  2.4
Spellcasting   | |  2.0
Transmutations | |  0.7
Earth Magic    | |  3.9

Action                   || total
-------------------------++-------
Melee: Flail             ||    11
       Punch             ||     1
 Cast: Sandblast         ||    12
 Stab: Sleeping          ||     2
Armor: Robe              ||     3
Dodge: Dodged            ||     8
